 Dungeon Crawl Stone Soup version 0.18.1-48-g4cf74bf (webtiles) character file.

3617 Alarkh the Archer (level 9, -1/65 HPs)
             Began as a Mummy Hunter on Aug 14, 2016.
             Was an Elder of Okawaru.
             Slain by a river rat (8 damage)
             ... on level 1 of the Lair of Beasts.
             The game lasted 00:21:29 (8444 turns).

Alarkh the Archer (Mummy Hunter)                    Turns: 8444, Time: 00:21:30

Health: -1/65      AC: 15    Str: 15    XL:     9   Next: 86%
Magic:  7/9        EV: 14    Int: 14    God:    Okawaru [****..]
Gold:   269        SH:  0    Dex: 12    Spells: 0 memorised, 8 levels left

rFire  x . .     SeeInvis .     b - +2 falchion (protect)
rCold  + . .     Gourm    .     c - +0 leather armour
rNeg   + + +     Faith    .     (no shield)
rPois  ∞         Spirit   .     (no helmet)
rElec  .         Dismiss  .     (no cloak)
rCorr  .         Reflect  .     k - +1 pair of gloves
SustAt .         Harm     .     e - +0 pair of boots (curse)
MR     ++...                    r - amulet of regeneration
Stlth  +++.......               A - +3 ring of protection
                                p - ring of protection from magic

@: heroism, very resistant to hostile enchantments, fairly stealthy
A: no food or potions, fire vulnerability, cold resistance 1, negative energy
resistance 3, torment resistance, unbreathing
a: Heroism, Renounce Religion


You were on level 1 of the Lair of Beasts.
You worshipped Okawaru.
Okawaru was greatly pleased with you.
You were not hungry.

You visited 3 branches of the dungeon, and saw 10 of its levels.

You collected 500 gold pieces.
You spent 231 gold pieces at shops.

Inventory:

Hand Weapons
 a - a +1 shortbow
 b - a +2 falchion of protection (weapon)
 y - a +0 short sword
Missiles
 d - 72 arrows
 f - a throwing net (quivered)
Armour
 c - a +0 leather armour (worn)
 e - a cursed +0 pair of boots (worn)
 k - a +1 pair of gloves (worn)
 z - the +1 leather armour of Daffodils {rC++ rCorr Slay-3}
   (You found it on level 6 of the Dungeon)

   It affects your accuracy and damage with ranged weapons and melee attacks
   (-3).
   It greatly protects you from cold.
   It protects you from acid and corrosion.
Jewellery
 p - a ring of protection from magic (left hand)
 r - an amulet of regeneration (around neck)
 A - a +3 ring of protection (right hand)
 C - the brooch of Shielding {Reflect SH+8}
   (You found it on level 8 of the Dungeon)

   [amulet of reflection]

   It shields you and reflects attacks.
   It affects your SH (+8).
Wands
 m - a wand of lightning (3/15)
 t - a wand of flame (14/48)
 v - a wand of slowing (10/48)
 x - a wand of disintegration (13/24)
Scrolls
 g - a scroll of recharging
 h - a scroll of amnesia
 i - a scroll of blinking {unknown}
 j - a scroll of noise {unknown}
 l - 4 scrolls of teleportation
 n - a scroll of fear {unknown}
 o - a scroll of magic mapping {unknown}
 q - 5 scrolls of remove curse {unknown}
 s - 2 scrolls of fog {unknown}
 u - 2 scrolls of enchant armour {unknown}
 w - a scroll of enchant weapon {unknown}
 B - 3 scrolls of identify


   Skills:
 + Level 4.3(9.3) Fighting
 * Level 11.7(16.7) Bows
 - Level 1.5(6.5) Dodging
 - Level 0.7(5.7) Stealth


You had 8 spell levels left.
You didn't know any spells.

Dungeon Overview and Level Annotations

Branches:
Dungeon (8/15)             Temple (1/1) D:5            Lair (1/8) D:8

Altars:
Ashenzari
Cheibriados
Dithmenos
Elyvilon
Fedhas
Gozag
Makhleb
Nemelex Xobeh
Okawaru
Pakellas
Qazlal
Ru
Sif Muna
Trog
Vehumet
Yredelemnul
The Shining One

Shops:
D:4 (   D:5 }   D:6 (=

Annotations:
D:4 Pikel


Innate Abilities, Weirdness & Mutations

You do not eat or drink.
Your flesh is vulnerable to fire.
You are immune to poison.
Your flesh is cold resistant.
You are immune to negative energy.
You are immune to unholy pain and torment.
You can survive without breathing.


Message History

You feel protected!
b - a +2 falchion of protection (weapon)
The river rat barely misses you.
You hit the river rat.
You kill the river rat!
Okawaru accepts your kill. The river rat barely misses you.
The river rat misses you.
You gain the combat prowess of a mighty hero.
The river rat misses you. The river rat barely misses you.
The river rat bites you but does no damage.
You closely miss the river rat.
The river rat is heavily wounded.
The river rat closely misses you.
The river rat bites you but does no damage.
The river rat barely misses you. x2; The river rat closely misses you.
You closely miss the river rat.
You punch the river rat, but do no damage.
The river rat is heavily wounded.
The river rat barely misses you. The river rat bites you!
You die...

.#.#. ###.
####.r.##....
#..........r.
#............
##............
#..###.##.....
#. ##.# ...
#r##P.## .
#r@r(.(#
########


You could see 3 river rats.

Vanquished Creatures
  The ghost of Joat the Stinger, an amateur OpTm (D:3)
  2 yaks (Lair:1)
  A hippogriff (Lair:1)
  Duvessa (D:6)
  A sky beast (D:6)
  2 orc warriors
  An ice beast (D:5)
  A black bear (D:7)
  A phantom (D:5)
  An ogre (D:4)
  A slave (D:4)
  3 centaurs
  The ghost of Heedrag the Sneak, an amateur KoAs (D:4)
  4 giant frogs
  A wyvern zombie (D:6)
  Dowan (D:6)
  4 scorpions
  A wyvern skeleton (D:6)
  2 howler monkeys
  A crimson imp (D:5)
  3 centaur zombies
  2 hounds
  3 jellies
  3 centaur skeletons
  3 orc priests (D:7)
  7 orc wizards
  2 giant frog skeletons
  6 iguanas
  5 worker ants
  2 hound skeletons (D:5)
  A worker ant zombie (D:6)
  A howler monkey skeleton (D:8)
  A river rat (Lair:1)
  7 adders
  3 shadow imps
  An ooze (D:4)
  An adder zombie (D:6)
  4 worms
  5 dart slugs
  2 giant geckos
  34 orcs
  6 giant cockroaches
  7 goblins
  10 hobgoblins
  12 jackals
  6 kobolds
  4 quokkas
  2 ball pythons
  9 bats
  A giant cockroach zombie (D:5)
  A giant gecko skeleton (D:6)
  3 giant newts
  A jackal skeleton (D:4)
  9 rats
198 creatures vanquished.

Vanquished Creatures (others)
  An ice dragon (D:8)
  A quokka (D:8)
  A bush (D:8)
3 creatures vanquished.

Grand Total: 201 creatures vanquished

Notes
Turn   | Place    | Note
--------------------------------------------------------------
     0 | D:1      | Alarkh the Mummy Hunter began the quest for the Orb.
     0 | D:1      | Reached XP level 1. HP: 16/16 MP: 1/1
   300 | D:1      | Reached XP level 2. HP: 22/22 MP: 2/2
   629 | D:1      | Reached skill level 4 in Bows
   679 | D:1      | Reached XP level 3. HP: 18/27 MP: 3/3
  1471 | D:2      | Reached XP level 4. HP: 33/33 MP: 4/4
  1875 | D:3      | Found an iron altar of Okawaru.
  1883 | D:3      | Became a worshipper of Warmaster Okawaru
  2072 | D:3      | Reached skill level 5 in Bows
  2107 | D:3      | Found a shadowy altar of Dithmenos.
  2253 | D:3      | Noticed Joat's ghost (amateur OpTm)
  2396 | D:3      | Reached XP level 5. HP: 38/38 MP: 5/5
  2430 | D:4      | Noticed Pikel
  2430 | D:4      | Noticed a slave
  2430 | D:4      | Noticed a slave
  2430 | D:4      | Noticed a slave
  2432 | D:4      | Noticed a slave
  2462 | D:3      | Killed Joat's ghost
  2462 | D:3      | Reached * piety under Okawaru
  2462 | D:3      | Reached skill level 6 in Bows
  2462 | D:3      | Reached XP level 6. HP: 43/44 MP: 6/6
  2768 | D:4      | Noticed Heedrag's ghost (amateur KoAs)
  2796 | D:4      | Killed Heedrag's ghost
  2896 | D:4      | Reached skill level 7 in Bows
  2896 | D:4      | Reached XP level 7. HP: 50/50 MP: 7/7
  2962 | D:4      | Found Qaur's Weapon Shop.
  2982 | D:4      | Reached ** piety under Okawaru
  3710 | D:5      | Entered Level 5 of the Dungeon
  4154 | D:5      | Reached skill level 8 in Bows
  4258 | D:5      | Found Eqei's Gadget Shoppe.
  4562 | D:5      | Reached XP level 8. HP: 39/56 MP: 8/8
  4809 | D:5      | Reached skill level 9 in Bows
  4856 | D:5      | Found a staircase to the Ecumenical Temple.
  5401 | D:6      | Found a shattered altar of Ashenzari.
  5405 | D:6      | Found Othrik's Weapon Boutique.
  5816 | D:6      | Got a faintly glowing leather armour
  5834 | D:6      | Reached *** piety under Okawaru
  5840 | D:6      | Identified the +1 leather armour of Daffodils {rC++ rCorr Slay-3} (You found it on level 6 of the Dungeon)
  5936 | D:6      | Found Ikhleffol's Jewellery Shoppe.
  5954 | D:6      | Bought a +3 ring of protection for 231 gold pieces
  5959 | D:6      | Found a sparkling altar of Nemelex Xobeh.
  5977 | D:6      | Found an opulent altar of Gozag.
  5984 | D:6      | Found a stormy altar of Qazlal.
  6023 | D:6      | Found a deep blue altar of Sif Muna.
  6071 | D:6      | Reached skill level 10 in Bows
  6316 | D:7      | Noticed Duvessa
  6319 | D:7      | Noticed Dowan
  6424 | Temple   | Entered the Ecumenical Temple
  6672 | D:6      | Killed Duvessa
  6672 | D:6      | Received a gift from Okawaru
  6672 | D:6      | Reached XP level 9. HP: 45/61 MP: 9/9
  6682 | D:6      | Killed Dowan
  7175 | D:7      | Reached skill level 11 in Bows
  7479 | D:8      | Found a white marble altar of Elyvilon.
  7592 | D:8      | Reached **** piety under Okawaru
  7888 | D:8      | Found a staircase to the Lair.
  7951 | D:8      | Found a sacrificial altar of Ru.
  8034 | D:8      | Found an oddly glowing altar of Pakellas.
  8035 | D:8      | Noticed an ice dragon
  8046 | D:8      | Killed an ice dragon
  8187 | Lair:1   | Entered Level 1 of the Lair of Beasts
  8199 | Lair:1   | Received a gift from Okawaru
  8403 | Lair:1   | Noticed a six-headed hydra
  8414 | Lair:1   | Noticed a spiny frog
  8444 | Lair:1   | Slain by a river rat

Skill      XL: |  1  2  3  4  5  6  7  8  9 |
---------------+----------------------------+-----
Bows           | 4 5 6 7 8 10 11 | 11.7
Fighting       | 4 |  4.3
Dodging        | |  1.5
Stealth        | |  0.7

Action                   |  1- 3 |  4- 6 |  7- 9 || total
-------------------------+-------+-------+-------++-------
Melee: Short sword       |   150 |    75 |   397 ||   622
       Falchion          |       |       |   125 ||   125
       Punch             |       |       |     1 ||     1
 Fire: Shortbow          |    20 |    88 |   474 ||   582
Throw: Throwing net      |       |       |     8 ||     8
Invok: Heroism           |       |       |     1 ||     1
Evoke: Wand              |       |     4 |     1 ||     5
  Use: Scroll            |       |     1 |     6 ||     7
 Stab: Sleeping          |     1 |       |     3 ||     4
       Paralysed         |       |       |     1 ||     1
Armor: Leather armour    |    60 |    30 |   279 ||   369
Dodge: Dodged            |   122 |    90 |   386 ||   598
Block: Other             |       |       |     3 ||     3
